 Dungeon Sprint DCSS version 0.19-a0-1442-g3b32ff5 (webtiles) character file.

24 poirepourri the Fighter (level 6, -7/48 HPs)
             Began as a Gargoyle Fighter on Sept 5, 2016.
             Was an Elder of Cheibriados.
             Mangled by a guardian mummy (23 damage)
             ... in the Dungeon (Sprint VI: "Thunderdome").
             The game lasted 00:01:33 (368 turns).

poirepourri the Fighter (Gargoyle Fighter)           Turns: 368, Time: 00:01:33

Health: -7/48      AC: 11    Str: 35    XL:     6   Next: 85%
Magic:  6/6        EV: 13    Int: 17    God:    Cheibriados [****..]
Gold:   72         SH: 11    Dex: 19    Spells: 0 memorised, 5 levels left

rFire  . . .     SeeInvis .     a - +0 flail
rCold  . . .     Gourm    .     b - +0 scale mail
rNeg   + . .     Faith    .     c - +0 shield
rPois  ∞         Spirit   .     (no helmet)
rElec  +         Dismiss  .     (no cloak)
rCorr  .         Reflect  .     (no gloves)
MR     .....     Harm     .     (no boots)
Stlth  .......... NoTele   +    (no amulet)
                                (no ring)
                                (no ring)

@: mighty, very slow
A: negative energy resistance 1, electricity resistance, unbreathing,
petrification resistance, rot immunity, AC +4
a: Bend Time, Temporal Distortion, Slouch, Renounce Religion


You were in the Dungeon.
You worshipped Cheibriados.
Cheibriados was greatly pleased with you.
You were not hungry.

You visited 1 branch You collected 240 gold pieces.
You spent 168 gold pieces at shops.

Inventory:

Hand Weapons
 a - a +0 flail (weapon)
Armour
 b - a +0 scale mail (worn)
 c - a +0 shield (worn)
Wands
 m - a wand of acid (5/15)
 n - a wand of iceblast (5/15)
Scrolls
 k - 4 scrolls of blinking
 o - 3 scrolls of fog
Potions
 d - 4 potions of might
 e - a potion of curing
 g - a potion of heal wounds
 h - 4 potions of haste
 i - 2 potions of magic
 j - a potion of berserk rage
 l - a potion of resistance
Comestibles
 f - a bread ration


   Skills:
 + Level 10.6 Fighting
 + Level 7.8 Maces & Flails
 - Level 3.2 Armour
 + Level 6.1 Dodging
 - Level 3.2 Shields


You had 5 spell levels left.
You didn't know any spells.

Dungeon Overview and Level Annotations

Branches:
Dungeon (1/1)

Altars:
Cheibriados
Dithmenos
Fedhas
Gozag
Kikubaaqudgha
Makhleb
Okawaru
Qazlal
Ru
Sif Muna
Trog
Uskayaw
Vehumet
Xom
Yredelemnul
Zin
The Shining One
Beogh
Jiyva
Lugonu

Shops:
D *[%??*?*:[((!!!!


Innate Abilities, Weirdness & Mutations

You are resistant to torment.
Your stone body is resilient. (AC +4)
You are immune to poison.
You resist negative energy. (rN+)
You are resistant to electric shocks. (rElec)
You can survive without breathing.
You are immune to petrification.
You are immune to rotting.


Message History

The mummy hits you.
You thump the mummy!
You destroy the mummy!
Cheibriados thoroughly appreciates the change of pace.
There is an entrance to Juluzeon's Weapon Rack here.
You can't go down here!
There is an entrance to Deal's Basic Armour here.
You feel a little less mighty now. 50...
There is an entrance to Turodet's Miscellaneous Merchandise here.
There is an entrance to Fiesaoca's Premium Goods here.
There is a shadowy altar of Dithmenos here.
A guardian mummy comes into view.
You block the guardian mummy's attack.
You feel very mighty all of a sudden. The guardian mummy hits you!!
You thump the guardian mummy!
The guardian mummy is lightly damaged.
The guardian mummy hits you!!
You die...

..........###...###..........⌠#
..........# #.<.# #..........⌠#
........÷.###...###..........⌠#
.............###.............##
##∩........8.# #.8........∩###
##∩___...[..###......___∩##
######.8.........8.######
#⌠...........⌠# ###.....M@..###
#_........# #........_#
#_........# #∩.......∩#
##∩.....∩## ##.....## ##⌠⌠⌠##
#####


You could see a guardian mummy.

Vanquished Creatures
  A guardian mummy (D)
  A necrophage (D)
  A wight (D)
  A mummy (D)
  An adder zombie (D)
  An orc (D)
  2 bat skeletons (D)
  A bat zombie (D)
  A hobgoblin (D)
  A bat (D)
  A kobold (D)
12 creatures vanquished.

Notes
Turn   | Place    | Note
-------+----------+-------------------------------------------
     0 | D        | poirepourri the Gargoyle Fighter began the quest for the Orb.
     0 | D        | Reached XP level 1. HP: 14/14 MP: 1/1
     4 | D        | Found a corrupted altar of Lugonu.
     4 | D        | Found an opulent altar of Gozag.
     5 | D        | Found a sacrificial altar of Ru.
     5 | D        | Found a shimmering altar of Xom.
     5 | D        | Round 1.
     6 | D        | Found a glowing golden altar of the Shining One.
     6 | D        | Found a burning altar of Makhleb.
     7 | D        | Found a stormy altar of Qazlal.
     7 | D        | Found a basalt altar of Yredelemnul.
     7 | D        | Found Mujagaj's Staff Store.
     7 | D        | Found Sungicur's Magic Scroll Shop.
     8 | D        | Found Gysexur's Must-Have Magic.
     8 | D        | Found Ingismurph's Magic Scroll Shop.
    12 | D        | Found a roughly hewn altar of Beogh.
    14 | D        | Found a blossoming altar of Fedhas.
    16 | D        | Found a hide-covered altar of Uskayaw.
    17 | D        | Found Etum's Bee Food.
    26 | D        | Found Fedosmocw's Jewellery.
    26 | D        | Found Foar's Advanced Armour.
    28 | D        | Found a bloodstained altar of Trog.
    28 | D        | Found a viscous altar of Jiyva.
    28 | D        | Found a deep blue altar of Sif Muna.
    28 | D        | Found Sydomyrop's Identification Station.
    42 | D        | Found an iron altar of Okawaru.
    46 | D        | Found a shadowy altar of Dithmenos.
    48 | D        | Found Fiesaoca's Premium Goods.
    50 | D        | Found Turodet's Miscellaneous Merchandise.
    50 | D        | Found Deal's Basic Armour.
    51 | D        | Found a glowing silver altar of Zin.
    51 | D        | Found Juluzeon's Weapon Rack.
    58 | D        | Found an ancient bone altar of Kikubaaqudgha.
    61 | D        | Found a snail-covered altar of Cheibriados.
    62 | D        | Found a radiant altar of Vehumet.
    65 | D        | Found Nemowafe's Do-It-Yourself Clinic.
    66 | D        | Found Goox Xishre's Bottled Wisdom.
    66 | D        | Found Xyrphugaa's Distillery.
    67 | D        | Found Guwiaf's Distillery.
    76 | D        | Became a worshipper of Cheibriados the Contemplative
    91 | D        | Bought 6 potions of might for 168 gold pieces
   125 | D        | Reached skill level 4 in Fighting
   161 | D        | Reached * piety under Cheibriados
   164 | D        | Arena points: 12 (+12) [x2]
   183 | D        | Round 2.
   189 | D        | Noticed a wight
   207 | D        | Killed a wight
   207 | D        | Reached ** piety under Cheibriados
   207 | D        | Reached skill level 6 in Fighting
   207 | D        | Reached XP level 2. HP: 10/23 MP: 2/2
   207 | D        | Reached XP level 3. HP: 13/28 MP: 3/3
   210 | D        | Reached *** piety under Cheibriados
   242 | D        | Noticed a phantom
   253 | D        | Noticed a necrophage
   265 | D        | HP: 1/28 [necrophage (4)]
   271 | D        | Killed a necrophage
   271 | D        | Reached skill level 8 in Fighting
   271 | D        | Reached skill level 5 in Maces & Flails
   271 | D        | Reached XP level 4. HP: 30/35 MP: 4/4
   271 | D        | Reached XP level 5. HP: 34/39 MP: 5/5
   290 | D        | Arena points: 24 (+12) [x1]
   300 | D        | Round 3.
   315 | D        | Noticed a guardian mummy
   329 | D        | Killed a guardian mummy
   329 | D        | Reached **** piety under Cheibriados
   329 | D        | Reached skill level 10 in Fighting
   329 | D        | Reached XP level 6. HP: 6/48 MP: 6/6
   359 | D        | Noticed a guardian mummy
   368 | D        | Mangled by a guardian mummy

Vault maps used:
D:        arena_sprint

Skill      XL: |  1  2  3  4  5 |
---------------+----------------+-----
Fighting       | 6 8 10 | 10.6
Maces & Flails | 4 5 7 |  7.8
Dodging        | 2 4 6 |  6.1
Armour         | |  3.2
Shields        | |  3.2

Action                   |  1- 3 |  4- 6 || total
-------------------------+-------+-------++-------
Melee: Flail             |    48 |    16 ||    64
  Use: Potion            |     3 |     3 ||     6
Armor: Scale mail        |    43 |     2 ||    45
Dodge: Dodged            |    30 |     2 ||    32
Block: Shield            |    42 |     6 ||    48
